Oilers vs Predators
Created - 19 janvier 2014 at 19:03
Goals
|
| Oilers |
1 |
3 |
1 |
5 |
| Predators |
0 |
0 |
1 |
1 |
|
Shots
|
| Oilers |
10 |
9 |
10 |
29 |
| Predators |
8 |
9 |
8 |
25 |
|
1st period
1. Oilers , Pavel Datsyuk 26 (Markus Naslund, Joe Pavelski) at 0:54 (PP)
Penalties :
Joe Thornton (Nas) for Roughing (Minor) at 0:42, Alexei Yashin (Edm) for High sticking (Minor) at 2:39, Kent Huskins (Nas) for Tripping (Minor) at 14:53, Keith Tkachuk (Nas) for Roughing (Minor) at 17:35
2nd period
2. Oilers , Patrick Kaleta 8 (Karel Pilar) at 5:50 (PP)
3. Oilers , Ilya Kovalchuk 30 (Jonathan Toews) at 9:52 (PP)
4. Oilers , Rob Scuderi 2 (Ilya Kovalchuk) at 14:01
Penalties :
Keith Tkachuk (Nas) for Boarding (Minor) at 5:07, Michael Grabner (Nas) for Cross-checking (Minor) at 9:15, Keith Tkachuk (Nas) for Hooking (Minor) at 14:55
3rd period
5. Predators , Nick Boynton 1 (Oleg Saprykin, Rob Niedermayer) at 14:54
6. Oilers , Ilya Kovalchuk 31 (Ian White, Jonathan Toews) at 15:00
Penalties :
Kurtis Foster (Nas) for Goalie Interference (Minor) at 3:13, Jonathan Toews (Edm) for Hooking (Minor) at 8:52, Kurtis Foster (Nas) for Fighting (Major) at 15:12, Ilya Kovalchuk (Edm) for Fighting (Major) at 15:12, Markus Naslund (Edm) for Hooking (Minor) at 15:41
Goalie Stats
Cam Ward (Edm), 24 saves from 25 shots - (0,960), W, 20-12-4, 60:00 minutes
Josh Tordjman (Nas), 12 saves from 16 shots - (0,750), L, 6-8-1, 34:01 minutes
Rick DiPietro (Nas), 12 saves from 13 shots - (0,923), 25:59 minutes
Players Stats for Oilers
Player Name G A P +/- PIM S H SB GA TA FO MP PP MP PK MP
------------------------------------------------------------------------------------
Alexei Yashin 0 0 0 0 2 0 3 0 0 0 1/4 11:14 0:00 1:47
Brad Boyes 0 0 0 1 0 1 1 2 0 0 0/2 18:00 4:47 0:00
Duncan Keith 0 0 0 1 0 1 0 1 0 1 0/0 23:22 5:23 3:01
Eric Nystrom 0 0 0 0 0 2 0 0 0 0 0/0 9:10 0:00 1:26
Erik Rasmussen 0 0 0 0 0 3 3 0 0 0 2/8 10:17 0:00 3:01
Frantisek Kaberle 0 0 0 0 0 1 0 1 0 0 0/0 11:35 0:00 0:00
Ian White 0 1 1 0 0 0 0 1 1 1 0/0 26:01 4:42 2:56
Ilya Kovalchuk 2 1 3 1 5 3 2 1 0 0 0/0 17:48 4:47 0:46
Joe Pavelski 0 1 1 0 0 5 0 1 0 0 0/1 18:19 4:16 0:00
Jonathan Toews 0 2 2 1 2 0 0 0 0 1 10/19 18:27 4:38 0:23
Karel Pilar 0 1 1 0 0 2 0 2 1 0 0/0 14:39 4:10 0:00
Markus Naslund 0 1 1 0 2 1 0 2 0 0 0/1 20:16 4:08 1:52
Pascal Dupuis 0 0 0 0 0 0 2 0 0 0 0/0 8:02 0:25 0:00
Patrick Kaleta 1 0 1 0 0 1 1 0 1 0 0/0 10:17 0:42 0:00
Pavel Datsyuk 1 0 1 0 0 6 1 2 2 0 10/21 19:15 4:16 0:00
Rob Scuderi 1 0 1 1 0 1 1 0 0 0 0/0 19:24 0:38 3:01
Steve Begin 0 0 0 0 0 1 1 0 0 0 0/0 12:53 0:25 2:39
Steve Montador 0 0 0 0 0 1 1 3 0 1 0/0 24:59 4:03 2:56
Players Stats for Predators
Player Name G A P +/- PIM S H SB GA TA FO MP PP MP PK MP
------------------------------------------------------------------------------------
Alexander Ovechkin 0 0 0 -1 0 3 1 0 0 0 2/2 20:47 2:26 1:29
Alexander Steen 0 0 0 0 0 1 1 0 0 0 0/0 9:41 3:31 0:00
Barret Jackman 0 0 0 0 0 0 0 1 0 0 0/0 14:05 0:55 1:42
Jean-Pierre Dumont 0 0 0 0 0 2 3 0 1 0 0/0 12:58 2:22 0:00
Joe Thornton 0 0 0 0 2 5 3 0 0 0 14/19 23:14 3:22 4:11
Keith Tkachuk 0 0 0 0 6 1 2 0 0 0 0/0 15:52 0:00 0:00
Kent Huskins 0 0 0 0 2 2 2 1 1 1 0/0 15:36 3:14 3:09
Kurtis Foster 0 0 0 -2 7 2 0 1 0 1 0/0 22:29 1:48 4:12
Mariusz Czerkawski 0 0 0 0 0 0 0 0 0 0 0/0 5:24 0:04 0:00
Michael Grabner 0 0 0 -1 2 1 3 0 0 0 1/1 15:40 3:31 0:00
Mikael Samuelsson 0 0 0 0 0 1 3 0 1 0 1/3 15:30 0:00 0:00
Mike Ribeiro 0 0 0 -1 0 2 0 0 0 1 12/26 19:37 2:22 5:00
Nick Boynton 1 0 1 1 0 1 0 0 0 0 0/0 13:39 0:00 0:00
Oleg Saprykin 0 1 1 0 0 0 2 2 1 0 0/1 15:53 0:13 4:28
Paul Mara 0 0 0 0 0 0 0 1 0 0 0/0 4:07 0:00 0:00
Rob Niedermayer 0 1 1 0 0 2 0 1 0 0 3/4 15:05 0:00 3:48
Robyn Regehr 0 0 0 -2 0 1 0 0 0 1 0/0 26:03 2:43 5:19
Ryan Mcdonagh 0 0 0 1 0 1 2 3 0 1 0/0 24:44 3:14 4:34
3 Stars
1 - Ilya Kovalchuk (Edm)
2 - Cam Ward (Edm)
3 - Rob Scuderi (Edm)
Power Play
Oilers - 3 on 7 Attempt(s) - 42,86%
Predators - 0 on 4 Attempt(s) - 0,00%
Penalty Kill
Oilers - 4 on 4 Attempt(s) - 100,00%
- Score 0 goal in Penalty Kill
Predators - 4 on 7 Attempt(s) - 57,14%
- Score 0 goal in Penalty Kill
Official
Referees : Pollock Kevin and Martell Rob
Linesman : Michel Cormier and Brad Lazarowich
Game Notes
Rick DiPietro enters game at 14:01 of 2nd period
0:37 of 3rd period - Penalty Shot by Markus Naslund for Oilers - Stopped by Rick DiPietro
Ilya Kovalchuk beats up Kurtis Foster at 15:12 of 3rd period
Finance
Level 1 -- Attendance: 5390 (89,83%) -- Ticket Income 468 930 $
Level 2 -- Attendance: 4467 (89,34%) -- Ticket Income 227 817 $
Level 3 -- Attendance: 1876 (93,80%) -- Ticket Income 58 156 $
Level 4 -- Attendance: 2659 (66,48%) -- Ticket Income 55 839 $
Luxury Box -- Attendance: 978 (97,80%) -- Ticket Income 165 282 $
Game was played at the Wildcat center
Total Attendance: 15370 (85,39%)
Total Ticket Income: 976 024 $
Other Income: 146 404 $
Total Income: 1 122 428 $
Oilers
5 vs 5 Forward
Center Left Wing Right Wing Time % Phy DF OF
1 Pavel Datsyuk Markus Naslund Joe Pavelski 40 1 2 2
2 Jonathan Toews Ilya Kovalchuk Brad Boyes 40 2 1 2
3 Alexei Yashin Steve Begin Patrick Kaleta 12 1 2 2
4 Erik Rasmussen Eric Nystrom Pascal Dupuis 8 1 2 2
5 vs 5 Defense
Defense Defense Time % Phy DF OF
1 Ian White Steve Montador 40 1 2 2
2 Duncan Keith Rob Scuderi 34 1 2 2
3 Karel Pilar Frantisek Kaberle 18 0 3 2
4 Duncan Keith Frantisek Kaberle 8 1 2 2
PowerPlay Forward
Center Left Wing Right Wing Time % Phy DF OF
1 Pavel Datsyuk Markus Naslund Joe Pavelski 50 0 1 4
2 Jonathan Toews Ilya Kovalchuk Brad Boyes 50 0 1 4
PowerPlay Defense
Defense Defense Time % Phy DF OF
1 Duncan Keith Ian White 66 1 2 2
2 Steve Montador Karel Pilar 34 1 2 2
Penalty Kill 4 Players Forward
Center Wing Time % Phy DF OF
1 Erik Rasmussen Markus Naslund 50 1 3 1
2 Alexei Yashin Steve Begin 50 1 3 1
Penalty Kill 4 Players Defense
Defense Defense Time % Phy DF OF
1 Duncan Keith Rob Scuderi 50 1 3 1
2 Ian White Steve Montador 50 1 3 1
Penalty Kill - 3 Players Forward
Forward Time % Phy DF OF
1 Pavel Datsyuk 50 1 4 0
2 Ilya Kovalchuk 50 1 4 0
Penalty Kill - 3 Players Defense
Defense Defense Time % Phy DF OF
1 Duncan Keith Rob Scuderi 50 1 4 0
2 Ian White Steve Montador 50 1 4 0
4 vs 4 Forward
Center Wing Time % Phy DF OF
1 Jonathan Toews Ilya Kovalchuk 50 1 2 2
2 Pavel Datsyuk Joe Pavelski 50 1 2 2
4 vs 4 Defense
Defense Defense Time % Phy DF OF
1 Ian White Steve Montador 50 1 3 1
2 Duncan Keith Rob Scuderi 50 1 3 1
Last Minutes Offensive
Center Left Wing Right Wing Defense Defense
Pavel Datsyuk Ilya Kovalchuk Brad Boyes Duncan Keith Ian White
Last Minutes Defensive
Center Left Wing Right Wing Defense Defense
Pavel Datsyuk Markus Naslund Pascal Dupuis Duncan Keith Rob Scuderi
Goaltenders
Starting : Cam Ward
Backup : Scott Clemmensen
Extra Forwards
Normal : Brad Boyes, Pavel Datsyuk, Ilya Kovalchuk - PP : Patrick Kaleta, Steve Begin - PK : Ilya Kovalchuk
Extra Defensemen
Normal : Frantisek Kaberle, Ian White, Duncan Keith - PP : Rob Scuderi - PK : Karel Pilar, Frantisek Kaberle
Penalty Shots
Ilya Kovalchuk, Alexei Yashin, Brad Boyes, Jonathan Toews, Pavel Datsyuk
Predators
5 vs 5 Forward
Center Left Wing Right Wing Time % Phy DF OF
1 Mike Ribeiro Alexander Ovechkin Michael Grabner 35 1 2 2
2 Joe Thornton Keith Tkachuk Mikael Samuelsson 35 1 2 2
3 Rob Niedermayer Oleg Saprykin Jean-Pierre Dumont 20 1 2 2
4 Alexander Ovechkin Alexander Steen Mariusz Czerkawski 10 1 2 2
5 vs 5 Defense
Defense Defense Time % Phy DF OF
1 Kurtis Foster Robyn Regehr 40 1 2 2
2 Nick Boynton Ryan Mcdonagh 30 1 2 2
3 Barret Jackman Kent Huskins 20 1 2 2
4 Paul Mara Ryan Mcdonagh 10 1 2 2
PowerPlay Forward
Center Left Wing Right Wing Time % Phy DF OF
1 Mike Ribeiro Alexander Ovechkin Jean-Pierre Dumont 50 1 2 2
2 Joe Thornton Alexander Steen Michael Grabner 50 1 2 2
PowerPlay Defense
Defense Defense Time % Phy DF OF
1 Kurtis Foster Robyn Regehr 50 1 2 2
2 Kent Huskins Ryan Mcdonagh 50 1 2 2
Penalty Kill 4 Players Forward
Center Wing Time % Phy DF OF
1 Mike Ribeiro Joe Thornton 50 1 2 2
2 Joe Thornton Oleg Saprykin 50 1 2 2
Penalty Kill 4 Players Defense
Defense Defense Time % Phy DF OF
1 Kurtis Foster Robyn Regehr 50 1 2 2
2 Kent Huskins Ryan Mcdonagh 50 1 2 2
Penalty Kill - 3 Players Forward
Forward Time % Phy DF OF
1 Alexander Ovechkin 50 1 2 2
2 Joe Thornton 50 1 2 2
Penalty Kill - 3 Players Defense
Defense Defense Time % Phy DF OF
1 Kurtis Foster Robyn Regehr 50 1 2 2
2 Kent Huskins Ryan Mcdonagh 50 1 2 2
4 vs 4 Forward
Center Wing Time % Phy DF OF
1 Mike Ribeiro Alexander Ovechkin 50 1 2 2
2 Joe Thornton Jean-Pierre Dumont 50 1 2 2
4 vs 4 Defense
Defense Defense Time % Phy DF OF
1 Kurtis Foster Robyn Regehr 50 1 2 2
2 Kent Huskins Ryan Mcdonagh 50 1 2 2
Last Minutes Offensive
Center Left Wing Right Wing Defense Defense
Joe Thornton Alexander Ovechkin Michael Grabner Kurtis Foster Robyn Regehr
Last Minutes Defensive
Center Left Wing Right Wing Defense Defense
Joe Thornton Alexander Ovechkin Jean-Pierre Dumont Ryan Mcdonagh Robyn Regehr
Goaltenders
Starting : Josh Tordjman
Backup : Rick DiPietro
Extra Forwards
Normal : Alexander Steen, Oleg Saprykin, Rob Niedermayer - PP : Alexander Steen, Oleg Saprykin - PK : Rob Niedermayer
Extra Defensemen
Normal : Barret Jackman, Ryan Mcdonagh, Kent Huskins - PP : Barret Jackman - PK : Kent Huskins, Ryan Mcdonagh
Penalty Shots
Alexander Ovechkin, Joe Thornton, Mike Ribeiro, Jean-Pierre Dumont, Michael Grabner
% Time on Ice - Oilers
Lines # - Real PCT - Wanted PCT - Time Play
Normal Forward
1 - 32% - 40% - 14:17
2 - 31% - 40% - 13:51
3 - 21% - 12% - 9:11
4 - 16% - 8% - 7:16
Normal Defense
1 - 42% - 40% - 18:35
2 - 34% - 34% - 15:10
3 - 23% - 18% - 10:24
4 - 1% - 8% - 0:26
PP Forward
1 - 48% - 50% - 4:31
2 - 52% - 50% - 4:57
PP Defense
1 - 56% - 66% - 5:18
2 - 44% - 34% - 4:10
PK Forward
1 - 52% - 50% - 3:06
2 - 48% - 50% - 2:51
PK Defense
1 - 51% - 50% - 3:01
2 - 49% - 50% - 2:56
PK3 Forward
1 - 0% - 50%
2 - 0% - 50%
PK3 Defense
1 - 0% - 50%
2 - 0% - 50%
44 Forward
1 - 0% - 50%
2 - 0% - 50%
44 Defense
1 - 0% - 50%
2 - 0% - 50%
Last Minute Offensive - 0:00
Last Minute Defensive - 0:00
Total
Forward - 60:00
Defense - 60:00
|
% Time on Ice - Predators
Lines # - Real PCT - Wanted PCT - Time Play
Normal Forward
1 - 28% - 35% - 12:35
2 - 37% - 35% - 16:26
3 - 23% - 20% - 10:20
4 - 12% - 10% - 5:14
Normal Defense
1 - 40% - 40% - 18:01
2 - 31% - 30% - 14:00
3 - 19% - 20% - 8:27
4 - 9% - 10% - 4:07
PP Forward
1 - 41% - 50% - 2:26
2 - 59% - 50% - 3:31
PP Defense
1 - 46% - 50% - 2:43
2 - 54% - 50% - 3:14
PK Forward
1 - 49% - 50% - 4:41
2 - 51% - 50% - 4:47
PK Defense
1 - 56% - 50% - 5:19
2 - 44% - 50% - 4:09
PK3 Forward
1 - 0% - 50%
2 - 0% - 50%
PK3 Defense
1 - 0% - 50%
2 - 0% - 50%
44 Forward
1 - 0% - 50%
2 - 0% - 50%
44 Defense
1 - 0% - 50%
2 - 0% - 50%
Last Minute Offensive - 0:00
Last Minute Defensive - 0:00
Total
Forward - 60:00
Defense - 60:00
|
Play by Play
1st period
0:01 of 1st period - Mike Ribeiro wins face-off versus Joe Pavelski in neutral zone.
0:04 of 1st period - Wrist shot by Mike Ribeiro.
0:04 of 1st period - Shot Misses the Net.
0:06 of 1st period - Slapshot by Robyn Regehr.
0:06 of 1st period - Deflect By Mike Ribeiro.
0:06 of 1st period - Stopped by Cam Ward with a rebound.
0:08 of 1st period - Snap shot by Michael Grabner.
0:08 of 1st period - Stopped by Cam Ward without a rebound.
0:09 of 1st period - Mike Ribeiro wins face-off versus Pavel Datsyuk in Oilers zone.
0:18 of 1st period - Wrist shot by Michael Grabner.
0:18 of 1st period - Shot Blocked by Pavel Datsyuk.
0:20 of 1st period - Backhand shot by Robyn Regehr.
0:20 of 1st period - Stopped by Cam Ward without a rebound.
0:21 of 1st period - Joe Thornton wins face-off versus Jonathan Toews in Oilers zone.
0:42 of 1st period - Minor Penalty to Joe Thornton for Roughing.
0:43 of 1st period - Pavel Datsyuk wins face-off versus Mike Ribeiro in Predators zone.
0:48 of 1st period - Slapshot by Pavel Datsyuk.
0:48 of 1st period - Stopped by Josh Tordjman with a rebound.
0:52 of 1st period - Snap shot by Markus Naslund.
0:52 of 1st period - Shot Blocked by Rob Niedermayer.
0:54 of 1st period - Wrist shot by Pavel Datsyuk.
0:54 of 1st period - Goal by Pavel Datsyuk - Oilers : 1 - Predators : 0.
0:55 of 1st period - Erik Rasmussen wins face-off versus Rob Niedermayer in neutral zone.
1:29 of 1st period - Snap shot by Brad Boyes.
1:29 of 1st period - Shot Misses the Net.
1:31 of 1st period - Slapshot by Karel Pilar.
1:31 of 1st period - Stopped by Josh Tordjman with a rebound.
1:33 of 1st period - Slapshot by Frantisek Kaberle.
1:33 of 1st period - Stopped by Josh Tordjman without a rebound.
1:34 of 1st period - Pavel Datsyuk wins face-off versus Mikael Samuelsson in Predators zone.
1:37 of 1st period - Wrist shot by Pavel Datsyuk.
1:37 of 1st period - Shot Misses the Net.
1:59 of 1st period - Alexander Ovechkin is hit by Steve Montador and loses puck.
2:39 of 1st period - Minor Penalty to Alexei Yashin for High sticking.
2:40 of 1st period - Mike Ribeiro wins face-off versus Erik Rasmussen in Oilers zone.
2:41 of 1st period - Wrist shot by Alexander Ovechkin.
2:41 of 1st period - Stopped by Cam Ward with a rebound.
3:14 of 1st period - Wrist shot by Joe Thornton.
3:14 of 1st period - Shot Misses the Net.
4:39 of 1st period - Penalty to Alexei Yashin is over, Alexei Yashin is back on ice.
5:04 of 1st period - Icing by Barret Jackman.
5:05 of 1st period - Mikael Samuelsson wins face-off versus Erik Rasmussen in Predators zone.
5:25 of 1st period - Slapshot by Ilya Kovalchuk.
5:25 of 1st period - Shot Misses the Net.
5:27 of 1st period - Slapshot by Steve Montador.
5:27 of 1st period - Shot Misses the Net.
5:29 of 1st period - Slapshot by Ilya Kovalchuk.
5:29 of 1st period - Shot Misses the Net.
5:31 of 1st period - Slapshot by Karel Pilar.
5:31 of 1st period - Stopped by Josh Tordjman without a rebound.
5:32 of 1st period - Mike Ribeiro wins face-off versus Jonathan Toews in Predators zone.
5:37 of 1st period - Ilya Kovalchuk is hit by Michael Grabner and loses puck.
5:49 of 1st period - Off-side.
5:50 of 1st period - Joe Thornton wins face-off versus Pavel Datsyuk in neutral zone.
6:17 of 1st period - Ilya Kovalchuk is hit by Michael Grabner and loses puck.
6:38 of 1st period - Wrist shot by Alexei Yashin.
6:38 of 1st period - Shot Misses the Net.
6:40 of 1st period - Wrist shot by Duncan Keith.
6:40 of 1st period - Stopped by Josh Tordjman without a rebound.
6:41 of 1st period - Pavel Datsyuk wins face-off versus Joe Thornton in Predators zone.
6:52 of 1st period - Wrist shot by Joe Pavelski.
6:52 of 1st period - Stopped by Josh Tordjman without a rebound.
6:53 of 1st period - Mike Ribeiro wins face-off versus Pavel Datsyuk in Predators zone.
6:53 of 1st period - Mike Ribeiro is hit by Rob Scuderi.
7:03 of 1st period - Slapshot by Pavel Datsyuk.
7:03 of 1st period - Stopped by Josh Tordjman with a rebound.
7:05 of 1st period - Slapshot by Rob Scuderi.
7:05 of 1st period - Shot Blocked by Kent Huskins.
7:07 of 1st period - Slapshot by Duncan Keith.
7:07 of 1st period - Shot Blocked by Barret Jackman.
7:09 of 1st period - Wrist shot by Markus Naslund.
7:09 of 1st period - Shot Misses the Net.
8:19 of 1st period - Pavel Datsyuk is hit by Joe Thornton and loses puck.
8:55 of 1st period - Karel Pilar is hit by Ryan Mcdonagh and loses puck.
9:22 of 1st period - Keith Tkachuk is hit by Pascal Dupuis and loses puck.
9:33 of 1st period - Wrist shot by Jean-Pierre Dumont.
9:33 of 1st period - Shot Blocked by Brad Boyes.
9:35 of 1st period - Slapshot by Kurtis Foster.
9:35 of 1st period - Shot Misses the Net.
9:41 of 1st period - Wrist shot by Rob Niedermayer.
9:41 of 1st period - Shot Blocked by Duncan Keith.
10:16 of 1st period - Snap shot by Steve Begin.
10:16 of 1st period - Shot Misses the Net.
10:18 of 1st period - Slapshot by Steve Begin.
10:18 of 1st period - Stopped by Josh Tordjman without a rebound.
10:19 of 1st period - Joe Thornton wins face-off versus Alexei Yashin in Predators zone.
10:46 of 1st period - Ian White is hit by Oleg Saprykin and loses puck.
11:51 of 1st period - Slapshot by Duncan Keith.
11:51 of 1st period - Shot Misses the Net.
11:53 of 1st period - Slapshot by Duncan Keith.
11:53 of 1st period - Deflect By Pavel Datsyuk.
11:53 of 1st period - Shot Blocked by Oleg Saprykin.
11:53 of 1st period - Puck is out of play.
11:54 of 1st period - Rob Niedermayer wins face-off versus Pavel Datsyuk in Predators zone.
12:05 of 1st period - Snap shot by Joe Pavelski.
12:05 of 1st period - Shot Misses the Net.
12:19 of 1st period - Slapshot by Rob Niedermayer.
12:19 of 1st period - Stopped by Cam Ward with a rebound.
12:21 of 1st period - Slapshot by Barret Jackman.
12:21 of 1st period - Shot Blocked by Steve Montador.
12:27 of 1st period - Wrist shot by Rob Niedermayer.
12:27 of 1st period - Shot Blocked by Steve Montador.
12:29 of 1st period - Snap shot by Kent Huskins.
12:29 of 1st period - Shot Blocked by Steve Montador.
12:31 of 1st period - Slapshot by Kent Huskins.
12:31 of 1st period - Stopped by Cam Ward without a rebound.
12:32 of 1st period - Michael Grabner wins face-off versus Jonathan Toews in Oilers zone.
13:01 of 1st period - Keith Tkachuk is hit by Erik Rasmussen and loses puck.
13:06 of 1st period - Snap shot by Eric Nystrom.
13:06 of 1st period - Stopped by Josh Tordjman without a rebound.
13:07 of 1st period - Joe Thornton wins face-off versus Jonathan Toews in Predators zone.
13:12 of 1st period - Ian White is hit by Joe Thornton and loses puck.
13:33 of 1st period - Pavel Datsyuk is hit by Alexander Ovechkin and loses puck.
14:01 of 1st period - Oleg Saprykin is hit by Steve Begin.
14:40 of 1st period - Snap shot by Alexander Steen.
14:40 of 1st period - Shot Misses the Net.
14:53 of 1st period - Minor Penalty to Kent Huskins for Tripping.
14:54 of 1st period - Jonathan Toews wins face-off versus Joe Thornton in Predators zone.
16:12 of 1st period - Joe Thornton is hit by Brad Boyes and loses puck.
16:53 of 1st period - Penalty to Kent Huskins is over, Kent Huskins is back on ice.
17:13 of 1st period - Off-side.
17:14 of 1st period - Erik Rasmussen wins face-off versus Joe Thornton in neutral zone.
17:35 of 1st period - Minor Penalty to Keith Tkachuk for Roughing.
17:36 of 1st period - Mike Ribeiro wins face-off versus Jonathan Toews in Predators zone.
19:35 of 1st period - Penalty to Keith Tkachuk is over, Keith Tkachuk is back on ice.
19:43 of 1st period - Snap shot by Pascal Dupuis.
19:43 of 1st period - Shot Blocked by Ryan Mcdonagh.
19:53 of 1st period - Snap shot by Rob Niedermayer.
19:53 of 1st period - Stopped by Cam Ward with a rebound.
19:55 of 1st period - Slapshot by Kent Huskins.
19:55 of 1st period - Stopped by Cam Ward without a rebound.
19:56 of 1st period - Joe Thornton wins face-off versus Erik Rasmussen in Oilers zone.
Goals for this period are 1 for Oilers vs 0 for Predators.
Shots for this period are 10 for Oilers vs 8 for Predators.
2nd period
0:01 of 2nd period - Mike Ribeiro wins face-off versus Markus Naslund in neutral zone.
0:33 of 2nd period - Wrist shot by Joe Thornton.
0:33 of 2nd period - Shot Blocked by Ilya Kovalchuk.
0:35 of 2nd period - Wrist shot by Kurtis Foster.
0:35 of 2nd period - Deflect By Joe Thornton.
0:35 of 2nd period - Stopped by Cam Ward without a rebound.
0:36 of 2nd period - Joe Thornton wins face-off versus Pavel Datsyuk in Oilers zone.
1:26 of 2nd period - Alexei Yashin is hit by Oleg Saprykin and loses puck.
2:03 of 2nd period - Snap shot by Joe Thornton.
2:03 of 2nd period - Stopped by Cam Ward without a rebound.
2:04 of 2nd period - Joe Thornton wins face-off versus Pavel Datsyuk in Oilers zone.
2:05 of 2nd period - Snap shot by Mikael Samuelsson.
2:05 of 2nd period - Deflect By Joe Thornton.
2:05 of 2nd period - Stopped by Cam Ward without a rebound.
2:06 of 2nd period - Pavel Datsyuk wins face-off versus Mikael Samuelsson in Oilers zone.
2:06 of 2nd period - Pavel Datsyuk is hit by Mikael Samuelsson.
2:26 of 2nd period - Wrist shot by Mikael Samuelsson.
2:26 of 2nd period - Shot Misses the Net.
2:28 of 2nd period - Backhand shot by Kurtis Foster.
2:28 of 2nd period - Shot Blocked by Ian White.
2:38 of 2nd period - Markus Naslund is hit by Keith Tkachuk and loses puck.
2:57 of 2nd period - Snap shot by Markus Naslund.
2:57 of 2nd period - Shot Misses the Net.
4:08 of 2nd period - Snap shot by Joe Pavelski.
4:08 of 2nd period - Stopped by Josh Tordjman with a rebound.
4:24 of 2nd period - Wrist shot by Joe Pavelski.
4:24 of 2nd period - Shot Misses the Net.
4:40 of 2nd period - Snap shot by Joe Pavelski.
4:40 of 2nd period - Stopped by Josh Tordjman with a rebound.
4:42 of 2nd period - Slapshot by Ian White.
4:42 of 2nd period - Shot Blocked by Ryan Mcdonagh.
5:07 of 2nd period - Minor Penalty to Keith Tkachuk for Boarding.
5:08 of 2nd period - Mike Ribeiro wins face-off versus Jonathan Toews in Predators zone.
5:50 of 2nd period - Wrist shot by Patrick Kaleta.
5:50 of 2nd period - Goal by Patrick Kaleta - Oilers : 2 - Predators : 0.
5:51 of 2nd period - Rob Niedermayer wins face-off versus Alexei Yashin in neutral zone.
7:17 of 2nd period - Pascal Dupuis is hit by Michael Grabner and loses puck.
8:03 of 2nd period - Duncan Keith is hit by Jean-Pierre Dumont.
9:15 of 2nd period - Minor Penalty to Michael Grabner for Cross-checking.
9:16 of 2nd period - Mike Ribeiro wins face-off versus Pavel Datsyuk in Predators zone.
9:42 of 2nd period - Icing by Ilya Kovalchuk.
9:43 of 2nd period - Jonathan Toews wins face-off versus Mike Ribeiro in Oilers zone.
9:48 of 2nd period - Backhand shot by Ilya Kovalchuk.
9:48 of 2nd period - Shot Misses the Net.
9:50 of 2nd period - Snap shot by Ilya Kovalchuk.
9:50 of 2nd period - Shot Blocked by Ryan Mcdonagh.
9:52 of 2nd period - Slapshot by Ilya Kovalchuk.
9:52 of 2nd period - Goal by Ilya Kovalchuk - Oilers : 3 - Predators : 0.
9:53 of 2nd period - Jonathan Toews wins face-off versus Mike Ribeiro in neutral zone.
10:04 of 2nd period - Snap shot by Brad Boyes.
10:04 of 2nd period - Shot Misses the Net.
10:27 of 2nd period - Wrist shot by Mikael Samuelsson.
10:27 of 2nd period - Stopped by Cam Ward without a rebound.
10:28 of 2nd period - Jonathan Toews wins face-off versus Mike Ribeiro in Oilers zone.
11:05 of 2nd period - Snap shot by Keith Tkachuk.
11:05 of 2nd period - Stopped by Cam Ward with a rebound.
11:19 of 2nd period - Snap shot by Kurtis Foster.
11:19 of 2nd period - Stopped by Cam Ward with a rebound.
11:37 of 2nd period - Snap shot by Ilya Kovalchuk.
11:37 of 2nd period - Stopped by Josh Tordjman without a rebound.
11:38 of 2nd period - Alexander Ovechkin wins face-off versus Jonathan Toews in Predators zone.
11:43 of 2nd period - Brad Boyes is hit by Kent Huskins and loses puck.
12:08 of 2nd period - Snap shot by Alexander Ovechkin.
12:08 of 2nd period - Stopped by Cam Ward without a rebound.
12:09 of 2nd period - Joe Thornton wins face-off versus Pavel Datsyuk in Oilers zone.
12:12 of 2nd period - Snap shot by Joe Thornton.
12:12 of 2nd period - Shot Blocked by Karel Pilar.
12:14 of 2nd period - Snap shot by Mikael Samuelsson.
12:14 of 2nd period - Shot Blocked by Frantisek Kaberle.
12:16 of 2nd period - Slapshot by Kurtis Foster.
12:16 of 2nd period - Shot Blocked by Markus Naslund.
12:18 of 2nd period - Snap shot by Kurtis Foster.
12:18 of 2nd period - Shot Blocked by Markus Naslund.
12:20 of 2nd period - Wrist shot by Keith Tkachuk.
12:20 of 2nd period - Shot Blocked by Joe Pavelski.
12:22 of 2nd period - Snap shot by Kurtis Foster.
12:22 of 2nd period - Stopped by Cam Ward with a rebound.
14:01 of 2nd period - Slapshot by Rob Scuderi.
14:01 of 2nd period - Deflect By Kurtis Foster.
14:01 of 2nd period - Goal by Rob Scuderi - Oilers : 4 - Predators : 0.
14:01 of 2nd period - Rick DiPietro enters game.
14:02 of 2nd period - Mike Ribeiro wins face-off versus Brad Boyes in neutral zone.
14:11 of 2nd period - Slapshot by Alexander Ovechkin.
14:11 of 2nd period - Stopped by Cam Ward with a rebound.
14:52 of 2nd period - Wrist shot by Pavel Datsyuk.
14:52 of 2nd period - Stopped by Rick DiPietro without a rebound.
14:53 of 2nd period - Joe Thornton wins face-off versus Jonathan Toews in Predators zone.
14:55 of 2nd period - Minor Penalty to Keith Tkachuk for Hooking.
14:56 of 2nd period - Pavel Datsyuk wins face-off versus Joe Thornton in Predators zone.
14:56 of 2nd period - Snap shot by Joe Pavelski.
14:56 of 2nd period - Stopped by Rick DiPietro with a rebound.
14:58 of 2nd period - Snap shot by Ian White.
14:58 of 2nd period - Deflect By Joe Pavelski.
14:58 of 2nd period - Shot Misses the Net.
14:58 of 2nd period - Puck is out of play.
14:59 of 2nd period - Pavel Datsyuk wins face-off versus Oleg Saprykin in Predators zone.
15:08 of 2nd period - Snap shot by Joe Pavelski.
15:08 of 2nd period - Shot Misses the Net.
15:10 of 2nd period - Snap shot by Joe Pavelski.
15:10 of 2nd period - Stopped by Rick DiPietro without a rebound.
15:11 of 2nd period - Pavel Datsyuk wins face-off versus Mike Ribeiro in Predators zone.
15:38 of 2nd period - Duncan Keith is hit by Ryan Mcdonagh and loses puck.
16:55 of 2nd period - Penalty to Keith Tkachuk is over, Keith Tkachuk is back on ice.
17:20 of 2nd period - Karel Pilar is hit by Keith Tkachuk and loses puck.
18:34 of 2nd period - Mariusz Czerkawski is hit by Alexei Yashin and loses puck.
18:53 of 2nd period - Rob Scuderi is hit by Alexander Steen and loses puck.
19:23 of 2nd period - Markus Naslund is hit by Jean-Pierre Dumont and loses puck.
19:34 of 2nd period - Paul Mara is hit by Patrick Kaleta and loses puck.
Goals for this period are 3 for Oilers vs 0 for Predators.
Shots for this period are 9 for Oilers vs 9 for Predators.
3rd period
0:01 of 3rd period - Jonathan Toews wins face-off versus Mike Ribeiro in neutral zone.
0:04 of 3rd period - Backhand shot by Ilya Kovalchuk.
0:04 of 3rd period - Shot Hit the Post.
0:37 of 3rd period - Penalty Shot by Markus Naslund for Oilers.
0:37 of 3rd period - Snap shot by Markus Naslund.
0:37 of 3rd period - Stopped by Rick DiPietro.
0:38 of 3rd period - Pavel Datsyuk wins face-off versus Joe Thornton in Oilers zone.
0:38 of 3rd period - Ian White is hit by Joe Thornton and loses puck.
1:08 of 3rd period - Nick Boynton is hit by Ilya Kovalchuk and loses puck.
1:34 of 3rd period - Jean-Pierre Dumont is hit by Alexei Yashin.
2:18 of 3rd period - Wrist shot by Pavel Datsyuk.
2:18 of 3rd period - Stopped by Rick DiPietro without a rebound.
2:19 of 3rd period - Pavel Datsyuk wins face-off versus Mike Ribeiro in Predators zone.
2:32 of 3rd period - Snap shot by Alexander Ovechkin.
2:32 of 3rd period - Shot Blocked by Karel Pilar.
2:34 of 3rd period - Slapshot by Kent Huskins.
2:34 of 3rd period - Shot Blocked by Pavel Datsyuk.
3:13 of 3rd period - Minor Penalty to Kurtis Foster for Goalie Interference.
3:14 of 3rd period - Jonathan Toews wins face-off versus Mike Ribeiro in Predators zone.
3:24 of 3rd period - Snap shot by Jonathan Toews.
3:24 of 3rd period - Shot Misses the Net.
3:26 of 3rd period - Wrist shot by Jonathan Toews.
3:26 of 3rd period - Shot Misses the Net.
3:28 of 3rd period - Wrist shot by Brad Boyes.
3:28 of 3rd period - Stopped by Rick DiPietro with a rebound.
4:00 of 3rd period - Slapshot by Ryan Mcdonagh.
4:00 of 3rd period - Stopped by Cam Ward with a rebound.
5:13 of 3rd period - Penalty to Kurtis Foster is over, Kurtis Foster is back on ice.
5:54 of 3rd period - Steve Begin is hit by Mikael Samuelsson and loses puck.
6:18 of 3rd period - Ian White is hit by Jean-Pierre Dumont and loses puck.
7:56 of 3rd period - Slapshot by Duncan Keith.
7:56 of 3rd period - Shot Blocked by Kurtis Foster.
7:58 of 3rd period - Wrist shot by Eric Nystrom.
7:58 of 3rd period - Shot Misses the Net.
8:10 of 3rd period - Alexander Ovechkin is hit by Ilya Kovalchuk and loses puck.
8:52 of 3rd period - Minor Penalty to Jonathan Toews for Hooking.
8:53 of 3rd period - Joe Thornton wins face-off versus Erik Rasmussen in Oilers zone.
10:52 of 3rd period - Penalty to Jonathan Toews is over, Jonathan Toews is back on ice.
11:01 of 3rd period - Snap shot by Jonathan Toews.
11:01 of 3rd period - Shot Misses the Net.
11:03 of 3rd period - Snap shot by Jonathan Toews.
11:03 of 3rd period - Shot Misses the Net.
11:05 of 3rd period - Wrist shot by Ilya Kovalchuk.
11:05 of 3rd period - Deflect By Eric Nystrom.
11:05 of 3rd period - Shot Misses the Net.
11:05 of 3rd period - Puck is out of play.
11:06 of 3rd period - Joe Thornton wins face-off versus Brad Boyes in Predators zone.
11:19 of 3rd period - Wrist shot by Brad Boyes.
11:19 of 3rd period - Shot Misses the Net.
11:35 of 3rd period - Jean-Pierre Dumont is hit by Pavel Datsyuk and loses puck.
11:40 of 3rd period - Wrist shot by Pavel Datsyuk.
11:40 of 3rd period - Stopped by Rick DiPietro without a rebound.
11:41 of 3rd period - Mike Ribeiro wins face-off versus Pavel Datsyuk in Predators zone.
12:21 of 3rd period - Wrist shot by Eric Nystrom.
12:21 of 3rd period - Shot Misses the Net.
12:23 of 3rd period - Wrist shot by Eric Nystrom.
12:23 of 3rd period - Shot Hit the Post.
12:25 of 3rd period - Snap shot by Erik Rasmussen.
12:25 of 3rd period - Stopped by Rick DiPietro with a rebound.
12:27 of 3rd period - Wrist shot by Erik Rasmussen.
12:27 of 3rd period - Stopped by Rick DiPietro with a rebound.
12:29 of 3rd period - Slapshot by Duncan Keith.
12:29 of 3rd period - Shot Blocked by Paul Mara.
12:31 of 3rd period - Snap shot by Pascal Dupuis.
12:31 of 3rd period - Deflect By Eric Nystrom.
12:31 of 3rd period - Stopped by Rick DiPietro with a rebound.
12:48 of 3rd period - Patrick Kaleta is hit by Mikael Samuelsson and loses puck.
12:57 of 3rd period - Robyn Regehr is hit by Alexei Yashin and loses puck.
13:30 of 3rd period - Icing by Oleg Saprykin.
13:31 of 3rd period - Rob Niedermayer wins face-off versus Jonathan Toews in Predators zone.
13:42 of 3rd period - Wrist shot by Ilya Kovalchuk.
13:42 of 3rd period - Shot Misses the Net.
13:50 of 3rd period - Snap shot by Ilya Kovalchuk.
13:50 of 3rd period - Shot Misses the Net.
14:00 of 3rd period - Wrist shot by Oleg Saprykin.
14:00 of 3rd period - Deflect By Rob Niedermayer.
14:00 of 3rd period - Shot Misses the Net.
14:00 of 3rd period - Puck is out of play.
14:01 of 3rd period - Pavel Datsyuk wins face-off versus Mike Ribeiro in Oilers zone.
14:28 of 3rd period - Ryan Mcdonagh is hit by Erik Rasmussen.
14:54 of 3rd period - Slapshot by Nick Boynton.
14:54 of 3rd period - Goal by Nick Boynton - Oilers : 4 - Predators : 1.
14:55 of 3rd period - Jonathan Toews wins face-off versus Mike Ribeiro in neutral zone.
15:00 of 3rd period - Slapshot by Ilya Kovalchuk.
15:00 of 3rd period - Goal by Ilya Kovalchuk - Oilers : 5 - Predators : 1.
15:01 of 3rd period - Jonathan Toews wins face-off versus Mike Ribeiro in neutral zone.
15:12 of 3rd period - Ilya Kovalchuk beats up Kurtis Foster.
15:12 of 3rd period - Penalty to Kurtis Foster for Fighting.
15:12 of 3rd period - Penalty to Ilya Kovalchuk for Fighting.
15:13 of 3rd period - Jonathan Toews wins face-off versus Mike Ribeiro in Oilers zone.
15:26 of 3rd period - Snap shot by Barret Jackman.
15:26 of 3rd period - Shot Blocked by Brad Boyes.
15:28 of 3rd period - Wrist shot by Robyn Regehr.
15:28 of 3rd period - Shot Misses the Net.
15:30 of 3rd period - Snap shot by Mike Ribeiro.
15:30 of 3rd period - Stopped by Cam Ward without a rebound.
15:31 of 3rd period - Joe Thornton wins face-off versus Pavel Datsyuk in Oilers zone.
15:41 of 3rd period - Minor Penalty to Markus Naslund for Hooking.
15:42 of 3rd period - Joe Thornton wins face-off versus Erik Rasmussen in Oilers zone.
15:58 of 3rd period - Wrist shot by Joe Thornton.
15:58 of 3rd period - Stopped by Cam Ward without a rebound.
15:59 of 3rd period - Mike Ribeiro wins face-off versus Alexei Yashin in Oilers zone.
16:02 of 3rd period - Wrist shot by Jean-Pierre Dumont.
16:02 of 3rd period - Stopped by Cam Ward with a rebound.
16:16 of 3rd period - Slapshot by Jean-Pierre Dumont.
16:16 of 3rd period - Stopped by Cam Ward with a rebound.
16:26 of 3rd period - Robyn Regehr is hit by Erik Rasmussen and loses puck.
16:31 of 3rd period - Wrist shot by Erik Rasmussen.
16:31 of 3rd period - Stopped by Rick DiPietro without a rebound.
16:32 of 3rd period - Joe Thornton wins face-off versus Erik Rasmussen in Predators zone.
17:04 of 3rd period - Snap shot by Alexander Steen.
17:04 of 3rd period - Stopped by Cam Ward with a rebound.
17:24 of 3rd period - Erik Rasmussen is hit by Kent Huskins and loses puck.
17:35 of 3rd period - Snap shot by Joe Thornton.
17:35 of 3rd period - Stopped by Cam Ward without a rebound.
17:36 of 3rd period - Alexei Yashin wins face-off versus Mike Ribeiro in Oilers zone.
17:41 of 3rd period - Penalty to Markus Naslund is over, Markus Naslund is back on ice.
18:23 of 3rd period - Robyn Regehr is hit by Pascal Dupuis and loses puck.
18:40 of 3rd period - Slapshot by Joe Pavelski.
18:40 of 3rd period - Shot Misses the Net.
18:44 of 3rd period - Wrist shot by Pavel Datsyuk.
18:44 of 3rd period - Deflect By Markus Naslund.
18:44 of 3rd period - Stopped by Rick DiPietro without a rebound.
18:45 of 3rd period - Alexander Ovechkin wins face-off versus Pavel Datsyuk in Predators zone.
19:19 of 3rd period - Snap shot by Brad Boyes.
19:19 of 3rd period - Shot Blocked by Oleg Saprykin.
19:21 of 3rd period - Slapshot by Steve Montador.
19:21 of 3rd period - Stopped by Rick DiPietro without a rebound.
19:22 of 3rd period - Jonathan Toews wins face-off versus Mike Ribeiro in Predators zone.
Goals for this period are 1 for Oilers vs 1 for Predators.
Shots for this period are 10 for Oilers vs 8 for Predators.
Output by the SimonT Hockey Simulator (STHS) for François Prévost -- Original Page W3C XHTML 1.0 Valid